 Dungeon Crawl Stone Soup version 0.28-a0-697-g47f3eba078 (webtiles) character file.

Game seed: 14384567584504658641

63 anonymouscript the Covert (level 3, -3/17 HPs)
             Began as a Felid Delver on Oct 24, 2021.
             Slain by an adder (5 damage)
             ... on level 3 of the Dungeon.
             The game lasted 00:04:00 (517 turns).

anonymouscript the Covert (Felid Delver)             Turns: 517, Time: 00:04:01

Health: -3/17      AC:  1    Str:  8    XL:     3   Next: 87%
Magic:  4/4        EV: 18    Int: 11    God:
Gold:   0          SH:  0    Dex: 18    Spells: 2/2 levels left
                                        Lives:  0   Deaths: 0

rFire   . . .      SeeInvis +     - Unarmed
rCold   . . .      Faith    .   (shield unavailable)
rNeg    . . .      Spirit   .   (armour unavailable)
rPois   .          Reflect  .   (helmet unavailable)
rElec   .          Harm     .   (cloak unavailable)
rCorr   .          Rampage  .   (gloves unavailable)
Will    .....                   (boots unavailable)
Stlth   ++++......              (no amulet)
HPRegen 0.05/turn               (no ring)
MPRegen 0.09/turn               (no ring)

@: quick
A: very small, claws 1, fangs 3, see invisible, speed 1, shaggy fur 1, stealthy
paws, no weapons or thrown items, no armour, multi-lived
a: no special abilities


You were on level 3 of the Dungeon.
You visited 1 branch of the dungeon, and saw 4 of its levels.

Inventory:

Wands
 e - a wand of digging (3)
Scrolls
 b - a scroll of magic mapping
 f - a scroll of enchant weapon {unknown}
Potions
 d - a potion of haste


   Skills:
 + Level 3.4 Fighting
 + Level 2.8 Dodging
 + Level 8.1 Stealth
 + Level 2.2 Unarmed Combat


You had 2 spell levels left.
You didn't know any spells.
Your spell library was empty.

Dungeon Overview and Level Annotations

Branches:
Dungeon (6/15)
 Temple: D:4-7

Altars:
Cheibriados


Innate Abilities, Weirdness & Mutations

You have sharp claws.
You have razor-sharp teeth.
You have supernaturally acute eyesight. (SInv)
You cover ground quickly. (Speed+)
You are covered in fur. (AC +1)
Your paws help you pounce on unaware monsters.
You are incapable of wielding weapons or throwing items.
You cannot wear armour.
You gain extra lives every three experience levels.


Message History

The iron imp is moderately wounded.
You closely miss the iron imp.
The iron imp is moderately wounded.
The iron imp completely misses you.
You scratch the iron imp but do no damage.
The iron imp is moderately wounded.
The iron imp completely misses you.
You completely miss the iron imp. Your bite misses the iron imp.
The iron imp is moderately wounded.
The iron imp barely misses you.
You scratch the iron imp.
The iron imp is heavily wounded.
You scratch the iron imp but do no damage.
The iron imp is heavily wounded.
The iron imp hits you.
You scratch the iron imp but do no damage.
The iron imp is heavily wounded.
The iron imp completely misses you.
You closely miss the iron imp.
The iron imp is heavily wounded.
The iron imp hits you.
* * * LOW HITPOINT WARNING * * *
The frilled lizard bites you.
* * * LOW HITPOINT WARNING * * *
As you read the scroll of fog, it crumbles to dust.
The scroll dissolves into smoke.
The iron imp closely misses you. The frilled lizard bites you.
* * * LOW HITPOINT WARNING * * *
The iron imp completely misses you. The iron imp hits you.
* * * LOW HITPOINT WARNING * * *
An adder comes into view.
You barely miss the adder.
The adder hisses angrily.
The adder closely misses you.
You scratch the adder.
The adder is lightly wounded.
The adder misses you. The frilled lizard closely misses you.
The adder closely misses you. The adder bites you.
You die...

######....§§§§§...#
#....§§§§....##
#'....§§§.....#
.......§§.....###
................#
..###.....#####.# .
#.....# ##.#
#.....###.#.#
....##.@.##.##
#.S.l...# #.####..#
#. ...# #. ##.# #.
.# ## ##


You could see an adder and a frilled lizard.

Vanquished Creatures
  A jelly (D:5)
  A bullfrog skeleton (D:5)
  An orc (D:3)
  A quokka (D:5)
4 creatures vanquished.

Notes
Turn   | Place    | Note
-------+----------+-------------------------------------------
     0 | D:5      | anonymouscript the Felid Delver began the quest for the
                  | Orb.
     0 | D:5      | Reached XP level 1. HP: 10/10 MP: 2/2
    12 | D:5      | Reached skill level 7 in Stealth
    12 | D:5      | Reached XP level 2. HP: 14/14 MP: 3/3
    20 | D:5      | Reached XP level 3. HP: 6/17 MP: 4/4
   328 | D:5      | Noticed a sky beast
   353 | D:5      | Reached skill level 8 in Stealth
   404 | D:6      | Noticed a bullfrog
   451 | D:4      | Noticed an ogre
   477 | D:3      | Found a snail-covered altar of Cheibriados.
   517 | D:3      | Slain by an adder

Illustrated notes

Levels and vault maps discovered:
D:3:      layout_loops_corners, jmf_multi_god_temple2,
          lemuel_coloured_pillars_altar, slow_altar_1, serial_shops, shop
D:4:      layout_rooms, mainiacjoe_overflow_chevrons,
          minmay_temple_entry_slanted, serial_shops, shop
D:5:      layout_basic, kennysheep_mini_moat, hangedman_decor_clover_reticule
D:6:      layout_basic, mainiacjoe_overflow_alcove_2, minmay_misc_feat_alley,
          kennysheep_pointless_box, minmay_unpleasant_kobolds, uniq_edmund,
          uniq_crazy_yiuf_cottage

Skill      XL: |  1  2  3 |
---------------+----------+-----
Stealth        | 7 8 |  8.1
Fighting       | |  3.4
Dodging        | |  2.8
Unarmed Combat | |  2.2

Action                   || total
-------------------------++-------
Melee: Unarmed           ||    21
       Bite              ||     2
  Use: Scroll            ||     2
 Stab: Sleeping          ||     2
Armor: Skin              ||     1
Dodge: Dodged            ||    24

Table legend: (Time is in decaauts)
 A = Elapsed time spent in this place.
 B = Non-inter-level travel time spent in this place.
 C = Inter-level travel time spent in this place.
 D = Time resting spent in this place.
 E = Time spent auto-exploring this place.
 F = Levels seen in this place.
 G = Mean time per level.
                   A        B        C        D        E       F      G
               +--------+--------+--------+--------+--------+-----+--------+
         Total |    480 |    480 |      0 |    303 |      0 |   4 |  120.0 |
       Dungeon |    480 |    480 |      0 |    303 |      0 |   4 |  120.0 |
               +--------+--------+--------+--------+--------+-----+--------+

Top non-repeatable levels by time:
     D:5: 372 daAuts
     D:6: 51 daAuts
     D:3: 40 daAuts
     D:4: 14 daAuts
